 Dungeon Crawl Stone Soup version 0.24-a0-537-g2d01d4ab0a (webtiles) character file.

Game seed: 4967007797948440825

63 Holzbalken the Cudgeler (level 3, -2/27 HPs)
             Began as a Demonspawn Gladiator on Aug 16, 2019.
             Slain by a sky beast (5 damage)
             ... on level 2 of the Dungeon.
             The game lasted 00:04:43 (1222 turns).

Holzbalken the Cudgeler (Demonspawn Gladiator)      Turns: 1222, Time: 00:04:43

Health: -2/27      AC:  4    Str: 15    XL:     3   Next: 89%
Magic:  3/3        EV: 12    Int:  9    God:
Gold:   98         SH:  0    Dex: 14    Spells: 2/2 levels left

rFire    . . .     SeeInvis .   a - +0 flail
rCold    . . .     Gourm    .   (no shield)
rNeg     . . .     Faith    .   b - +0 leather armour
rPois    .         Spirit   .   c - +0 helmet
rElec    .         Reflect  .   (no cloak)
rCorr    .         Harm     .   (no gloves)
MR       .....                  (no boots)
Stlth    +.........             (no amulet)
HPRegen  0.09/turn              (no ring)
MPRegen  0.08/turn              (no ring)

@: no status effects
A: talons 1, rot immunity
a: no special abilities


You were on level 2 of the Dungeon.
You were not hungry.

You visited 1 branch of the dungeon, and saw 2 of its levels.

You collected 98 gold pieces.

Inventory:

Hand Weapons
 a - a +0 flail (weapon)
Missiles
 d - 3 throwing nets (quivered)
Armour
 b - a +0 leather armour (worn)
 c - a +0 helmet (worn)
Scrolls
 e - 2 scrolls of teleportation {unknown}
 h - a scroll of remove curse {unknown}
 i - a scroll of fog {unknown}
 l - a scroll of enchant armour {unknown}
Potions
 j - a potion of degeneration {unknown}
 k - a potion of curing {unknown}
 m - a potion of flight {unknown}
Comestibles
 f - 4 rations


   Skills:
 - Level 2.0 Fighting
 + Level 4.4 Maces & Flails
 - Level 1.7 Throwing
 - Level 2.6 Dodging


You had 2 spell levels left.
You didn't know any spells.
Your spell library was empty.

Dungeon Overview and Level Annotations

Branches:
Dungeon (2/15)

Altars:


Innate Abilities, Weirdness & Mutations

You have sharp toenails.
You are immune to rotting.


Message History

A kobold comes into view.
The kobold shouts!
The sky beast flickers out of sight!
Deactivating autopickup; reactivate with Ctrl-A.
You barely miss something. Something hits you but does no damage.
You miss something. Something hits you. Something shocks you.
You miss something. Something hits you. Something shocks you.
Something hits you but does no damage.
You hit something. Something hits you. Something shocks you.
* * * LOW HITPOINT WARNING * * *
You closely miss something. You claw something.
A sky beast appears from thin air!
Reactivating autopickup.
The sky beast barely misses you.
You hit the sky beast. Your kick misses the sky beast.
The sky beast is moderately wounded.
The sky beast hits you.
* * * LOW HITPOINT WARNING * * *
The sky beast shocks you.
You die...

.###.###
#.####...# .# ..#
#........#
##.####
#####....#...#
.......
........##...#
.....##
##.####.##...#
.....>. #..#####
##. ....... ##..#
###.... .......
...######.##....#
.......
#......@YK...#
......#
#..######w####
.....## #.....#
#.....# #.....#
##w.).# ....#
....# .w..#


You could see a sky beast, a dart slug and a kobold.

Vanquished Creatures
  An adder (D:2)
  4 worms (D:2)
  3 dart slugs
  A leopard gecko (D:2)
  A giant cockroach (D:1)
  4 goblins
  4 hobgoblins (D:1)
  4 jackals (D:2)
  2 kobolds
  5 bats
  5 frilled lizards
  2 rats (D:1)
36 creatures vanquished.

Notes
Turn   | Place    | Note
-------+----------+-------------------------------------------
     0 | D:1      | Holzbalken the Demonspawn Gladiator began the quest for the
                  | Orb.
     0 | D:1      | Reached XP level 1. HP: 16/16 MP: 1/1
   196 | D:1      | Reached skill level 3 in Maces & Flails
   248 | D:1      | Gained mutation: You have sharp toenails. [demonic
                  | ancestry]
   248 | D:1      | Reached XP level 2. HP: 22/22 MP: 2/2
   614 | D:2      | Gained mutation: You are immune to rotting. [demonic
                  | ancestry]
   614 | D:2      | Reached XP level 3. HP: 27/27 MP: 3/3
   629 | D:2      | Reached skill level 4 in Maces & Flails
  1209 | D:2      | Noticed a sky beast
  1222 | D:2      | Slain by a sky beast

Levels and vault maps discovered:
D:1:      minmay_arrival_semitransparent, layout_rooms, minivault_14
D:2:      layout_rooms

Skill      XL: |  1  2  3 |
---------------+----------+-----
Maces & Flails | 3 4 |  4.4
Fighting       | |  2.0
Throwing       | |  1.7
Dodging        | |  2.6

Action                   || total
-------------------------++-------
Melee: Flail             ||   109
       Kick              ||    20
  Eat: Chunk             ||     1
Armor: Leather armour    ||    38
Dodge: Dodged            ||    83

Table legend:
 A = Non-vault XP
 B = Vault XP
 C = Vault XP percentage of total XP
 D = Non-vault monster count
 E = Vault monster count
 F = Vault count percentage of total count
                 A         B        C        D         E       F
            +---------+---------+-------+---------+---------+-------
      Total |      91 |       0 |   0.0 |      36 |       0 |   0.0
            +---------+---------+-------+---------+---------+-------
        D:1 |      35 |       0 |   0.0 |      20 |       0 |   0.0
        D:2 |      56 |       0 |   0.0 |      16 |       0 |   0.0
            +---------+---------+-------+---------+---------+-------
